 Dungeon Crawl Stone Soup version 0.17.1-3-g152610e (webtiles) character file.

2832 Locuples the Cleaver (level 9, -5/124 HPs)
             Began as a Minotaur Fighter on Apr 20, 2016.
             Was an Initiate of the Shining One.
             Slain by Gargoyl's ghost (14 damage)
             ... on level 8 of the Dungeon.
             The game lasted 00:18:33 (4320 turns).

Locuples the Cleaver (Minotaur Fighter)             Turns: 4320, Time: 00:18:33

Health: -5/124     AC: 12    Str: 24    XL:     9   Next: 45%
Magic:  8/8        EV:  2    Int:  5    God:    the Shining One [......]
Gold:   353        SH: 11    Dex: 10    Spells: 0 memorised, 8 levels left

rFire  . . .     SeeInvis +     a - +0 war axe
rCold  . . .     Clarity  .     (armour currently unavailable)
rNeg   + + +     SustAt   .     k - +0 shield
rPois  +         Gourm    .     (helmet currently unavailable)
rElec  .         Spirit   .     (cloak currently unavailable)
rCorr  .         Warding  .     (gloves currently unavailable)
rMut   .         NoTele   +     (boots currently unavailable)
MR     .....                    (no amulet)
Stlth  +.........               (no ring)
                                q - ring of see invisible

@: tree-form, corroded equipment, very slightly contaminated, hasted, very
quick, not resistant to hostile enchantments, very unstealthy
A: (retaliatory headbutt), (horns 0), (icy blue scales 0), (thin metallic scales
0), deterioration 1
a: Renounce Religion


You were on level 8 of the Dungeon.
You worshipped the Shining One.
The Shining One was noncommittal.
You were not hungry.
You were a tree.
You visited 2 branches of the dungeon, and saw 9 of its levels.

You collected 353 gold pieces.

Inventory:

Hand Weapons
 a - a +0 war axe (weapon)
Armour
 c - a +2 pair of boots (melded)
 k - a +0 shield (worn)
 n - a +0 pair of gloves (melded)
 w - a +1 scale mail of fire resistance (melded)
Jewellery
 b - an uncursed ring of ice
 l - an uncursed ring of protection from fire {unknown}
 q - a ring of see invisible (left branch)
 B - an uncursed amulet of stasis {unknown}
Wands
 x - a wand of fireball (6)
 D - a wand of teleportation (4)
Scrolls
 j - 5 scrolls of magic mapping
 m - a scroll of fear {unknown}
 o - 4 scrolls of remove curse
 s - a scroll of teleportation {unknown}
 v - 2 scrolls of recharging {unknown}
 A - a scroll of amnesia {unknown}
 E - 2 scrolls of enchant weapon {unknown}
 F - a scroll of random uselessness {unknown}
Potions
 g - a potion of haste
 h - 4 potions of flight
 i - 3 potions of brilliance
 p - a potion of lignification
 r - a potion of ambrosia
 C - a potion of berserk rage {unknown}
 G - a potion of magic {unknown}
Books
 d - a book of Transfigurations

   Spells                             Type                      Level
   a - Stoneskin                      Transmutation/Earth          2
   b - Irradiate                      Conjuration/Transmutation    5
   c - Statue Form                    Transmutation/Earth          6
   d - Hydra Form                     Transmutation                6
   e - Dragon Form                    Transmutation                7
 u - a book of Clouds

   Spells                             Type                      Level
   a - Mephitic Cloud                 Conjuration/Poison/Air       3
   b - Conjure Flame                  Conjuration/Fire             3
   c - Poisonous Cloud                Conjuration/Poison/Air       6
   d - Freezing Cloud                 Conjuration/Ice/Air          6
   e - Ring of Flames                 Charms/Fire                  7
Comestibles
 e - 5 bread rations
 t - 7 slices of pizza
 z - 2 meat rations
 H - 2 beef jerkies


   Skills:
 + Level 9.1 Fighting
 * Level 10.0 Axes
 + Level 7.8 Armour
 + Level 6.9 Shields


You had 8 spell levels left.
You didn't know any spells.

Dungeon Overview and Level Annotations

Branches:
Dungeon (8/15)             Temple (1/1) D:7
   Lair: D:8-11

Altars:
Ashenzari
Cheibriados
Dithmenos
Elyvilon
Fedhas
Gozag
Kikubaaqudgha
Makhleb
Nemelex Xobeh
Okawaru
Qazlal
Ru
Sif Muna
Trog
Vehumet
Xom
Yredelemnul
Zin
The Shining One

Annotations:
D:8 Gargoyl's ghost, novice DsAK


Innate Abilities, Weirdness & Mutations

((You reflexively headbutt those who attack you in melee.))
((You have a pair of horns on your head.))
((You are partially covered in icy blue scales (AC +1).))
((You are partially covered in thin metallic scales (AC +2).))
Your body sometimes deteriorates upon taking damage.


Message History

Drink which item? (? for menu, Esc to quit)
You feel better.
Drink which item? (? for menu, Esc to quit)
It was a potion of lignification.
You turn into a tree.
Your +0 pair of gloves melds into your body.
Your +2 pair of boots melds into your body.
Your +1 scale mail of fire resistance melds into your body.
You feel less resistant to fire.
Your roots penetrate the ground.
You hit Gargoyl's ghost but do no damage.
Gargoyl's ghost is moderately damaged.
Gargoyl's ghost hits you.
* * * LOW HITPOINT WARNING * * *
x2 You hit Gargoyl's ghost but do no damage.
Gargoyl's ghost is moderately damaged.
Gargoyl's ghost hits you!
* * * LOW HITPOINT WARNING * * *
x2 You hit Gargoyl's ghost but do no damage.
Gargoyl's ghost is moderately damaged.
Gargoyl's ghost hits you!
You die...

.#........# .#........# ....
.#[.......# ...#
##.....(..###### ....#
..........#.....###....#
..........#.............
.......<..#.)...........
..........#............. .
..........#...##♣# ..
##........###'##W##########...
#........#...................
#....)...#...............<...
#........#...................
#........#......†............
#........#...##...###...##...
##........#...########...# .
..........'................


You could see Gargoyl's ghost.

Vanquished Creatures
  Pikel (D:6)
  Edmund (D:6)
  A human (D:7)
  A hippogriff (D:7)
  Menkaure (D:6)
  A phantom (D:6)
  A necrophage (D:6)
  2 ogres (D:6)
  2 sky beasts
  3 centaurs (D:7)
  Blork the orc (D:6)
  2 elf skeletons (D:6)
  A giant frog (D:6)
  4 scorpions
  A centaur zombie (D:6)
  A hound (D:8)
  A jelly (D:8)
  2 centaur skeletons
  A human skeleton (D:6)
  5 worker ants
  4 sheep (D:7)
  A hound skeleton (D:6)
  Robin (D:4)
  4 adders
  2 oozes
  An adder skeleton (D:6)
  3 worms
  5 giant geckos
  4 orcs
  10 giant cockroaches
  11 hobgoblins
  3 kobolds
  5 quokkas
  A ball python (D:6)
  5 bats
  A giant gecko skeleton (D:5)
  3 giant newts
  20 goblins
  3 jackals (D:4)
  3 orc skeletons (D:6)
  17 rats
140 creatures vanquished.

Vanquished Creatures (others)
  A slave (D:6)
1 creature vanquished.

Grand Total: 141 creatures vanquished

Notes
Turn   | Place    | Note
--------------------------------------------------------------
     0 | D:1      | Locuples the Minotaur Fighter began the quest for the Orb.
     0 | D:1      | Reached XP level 1. HP: 19/19 MP: 0/0
   251 | D:1      | Reached skill level 4 in Fighting
   300 | D:1      | Reached XP level 2. HP: 20/27 MP: 1/1
   627 | D:1      | Reached XP level 3. HP: 35/35 MP: 2/2
   716 | D:2      | Reached skill level 5 in Fighting
  1223 | D:3      | Reached XP level 4. HP: 36/42 MP: 3/3
  1758 | D:4      | Noticed Robin
  1768 | D:4      | Killed Robin
  1774 | D:4      | Reached skill level 6 in Fighting
  1825 | D:4      | Reached XP level 5. HP: 46/50 MP: 4/4
  2041 | D:5      | Entered Level 5 of the Dungeon
  2059 | D:5      | Got a citrine-encrusted scale mail
  2073 | D:5      | Identified the +0 scale mail of Limited Liability {rC+ rN+} (You found it on level 5 of the Dungeon)
  2211 | D:5      | Noticed a sky beast
  2217 | D:5      | Killed a sky beast
  2217 | D:5      | Reached skill level 5 in Axes
  2217 | D:5      | Reached XP level 6. HP: 55/58 MP: 5/5
  2224 | D:5      | Gained mutation: You are partially covered in icy blue scales (AC +1). [mutagenic meat]
  2225 | D:5      | Gained mutation: Your body sometimes deteriorates upon taking damage. [mutagenic meat]
  2227 | D:5      | Gained mutation: You are partially covered in thin metallic scales (AC +2). [mutagenic meat]
  2237 | D:5      | Found a blossoming altar of Fedhas.
  2239 | D:5      | Found a glowing silver altar of Zin.
  2628 | D:6      | Reached skill level 7 in Fighting
  2628 | D:6      | Reached skill level 5 in Armour
  2639 | D:6      | Reached XP level 7. HP: 50/66 MP: 6/6
  2646 | D:6      | Noticed Menkaure
  2651 | D:6      | Killed Menkaure
  2868 | D:6      | Noticed Pikel
  2892 | D:6      | Killed Pikel
  2892 | D:6      | Reached skill level 5 in Shields
  2892 | D:6      | Reached XP level 8. HP: 8/74 MP: 7/7
  3110 | D:6      | Noticed Edmund
  3136 | D:6      | Killed Edmund
  3136 | D:6      | Reached skill level 8 in Fighting
  3194 | D:6      | Found a burning altar of Makhleb.
  3451 | D:6      | Noticed Blork the orc
  3458 | D:6      | Killed Blork the orc
  3458 | D:6      | Reached skill level 9 in Axes
  3467 | D:6      | Reached XP level 9. HP: 72/82 MP: 8/8
  3645 | D:7      | Found a staircase to the Ecumenical Temple.
  3653 | Temple   | Entered the Ecumenical Temple
  3693 | Temple   | Became a worshipper of the Shining One
  3795 | D:7      | Found a shimmering altar of Xom.
  3795 | D:7      | Found a shimmering altar of Xom.
  3795 | D:7      | Found a shimmering altar of Xom.
  3797 | D:7      | Found a shimmering altar of Xom.
  3798 | D:7      | Found a shimmering altar of Xom.
  3798 | D:7      | Found a shimmering altar of Xom.
  4274 | D:8      | Noticed Gargoyl's ghost (novice DsAK)
  4303 | D:8      | Reached skill level 10 in Axes
  4314 | D:8      | HP: 4/83 [Gargoyl's ghost (14)]
  4320 | D:8      | Slain by Gargoyl's ghost

Action                   |  1- 3 |  4- 6 |  7- 9 || total
-------------------------+-------+-------+-------++-------
Melee: War axe           |    92 |   116 |   183 ||   391
  Use: Scroll            |     1 |     7 |     2 ||    10
       Potion            |       |       |    10 ||    10
  Eat: Chunk             |     1 |     9 |     1 ||    11
       Bread ration      |       |       |     1 ||     1
